 Dungeon Crawl Stone Soup version 0.19.1 (webtiles) character file.

396 Firecrotchwizard the Cudgeler (level 6, -1/62 HPs)
             Began as a Troll Berserker on Dec 22, 2016.
             Was a Believer of Trog.
             Slain by an orc
             ... wielding a +0 flail
              (4 damage)
             ... on level 4 of the Dungeon.
             The game lasted 00:07:07 (3337 turns).

Firecrotchwizard the Cudgeler (Troll Berserker)     Turns: 3337, Time: 00:07:09

Health: -1/62      AC:  6    Str: 26    XL:     6   Next: 52%
Magic:  5/5        EV: 11    Int:  3    God:    Trog [**....]
Gold:   153        SH:  0    Dex: 11    Spells: 0 memorised, 5 levels left

rFire  . . .     SeeInvis .     v - +0 giant spiked club
rCold  . . .     Gourm    +     b - +0 animal skin
rNeg   . . .     Faith    .     (shield currently unavailable)
rPois  .         Spirit   .     (helmet restricted)
rElec  .         Reflect  .     l - +0 cloak
rCorr  .         Harm     .     (gloves unavailable)
MR     .....                    (boots unavailable)
Stlth  +.........               q - amulet of magic regeneration
                                (no ring)
                                (no ring)

@: exhausted, starving, slowed, very slow
A: unfitting armour, claws 3, fast metabolism 3, gourmand, regeneration 1,
shaggy fur 1, tough skin 2
a: Berserk, Trog's Hand, Burn Spellbooks, Renounce Religion


You were on level 4 of the Dungeon.
You worshipped Trog.
Trog was pleased with you.
You were starving.

You visited 1 branch of the dungeon, and saw 4 of its levels.

You collected 153 gold pieces.

Inventory:

Hand Weapons
 a - a +0 mace
 v - a +0 giant spiked club (weapon)
Missiles
 t - 8 tomahawks (quivered)
Armour
 b - a +0 animal skin (worn)
 l - a +0 cloak (worn)
Jewellery
 q - an amulet of magic regeneration (around neck)
Scrolls
 f - 3 scrolls of enchant weapon {unknown}
 g - 2 scrolls of immolation {unknown}
 h - a scroll of enchant armour {unknown}
 j - 2 scrolls of teleportation {unknown}
 k - a scroll of magic mapping {unknown}
 m - 2 scrolls of identify {unknown}
 o - a scroll of amnesia {unknown}
Potions
 d - a potion of mutation {unknown}
 e - 5 potions of curing {unknown}
 i - 3 potions of brilliance {unknown}
 n - a potion of haste {unknown}
 r - 3 potions of flight {unknown}
 s - a potion of heal wounds {unknown}
 u - 2 potions of might {unknown}
Comestibles
 c - 5 bread rations
 p - a meat ration


   Skills:
 - Level 4.1 Fighting
 * Level 4.9 Maces & Flails
 - Level 3.4 Dodging


You had 5 spell levels left.
You didn't know any spells.

Dungeon Overview and Level Annotations

Branches:
Dungeon (4/15)             Temple (0/1) D:4

Altars:
Dithmenos
Okawaru


Innate Abilities, Weirdness & Mutations

You are too large for most types of armour.
You have claws for hands.
Your metabolism is lightning-fast.
You like to eat raw meat.
Your natural rate of healing is unusually fast.
You are covered in fur. (AC +1)
You have very tough skin. (AC +2)


Message History

The orc wizard hits you but does no damage.
The orc misses you. The orc wizard closely misses you.
The orc closely misses you.
The orc wizard hits you but does no damage.
You barely miss the orc wizard. The orc wizard hits you with a dagger.
* * * LOW HITPOINT WARNING * * *
The orc wizard barely misses you. The orc hits you with a flail.
* * * LOW HITPOINT WARNING * * *
The orc wizard hits you but does no damage.
The orc hits you with a flail.
* * * LOW HITPOINT WARNING * * *
The orc wizard hits you with a dagger.
* * * LOW HITPOINT WARNING * * *
You closely miss the orc.
The orc wizard hits you but does no damage.
The orc misses you.
The orc wizard gestures wildly while chanting.
The orc wizard mumbles some strange words.
The orc wizard blinks!
The orc hits you with a flail.
You die...

####.######.....########
#..........>....#
+..........####.#
#..........# #.#
#..........# #.# ######
#....####### #.# #....[
#....#### #.# #.####
#####.o.### #.# #.#
......)@'.# #.# #.#
#####.ยง)#.# #.# #.# ##
#...#.# #.# #.###.
#...#.# #.# #.#...
#...#.# #.###.....
#####.# #.........
#.############.#
#.(...........<.
################


You could see an orc.

Vanquished Creatures
  A phantom (D:4)
  An ogre (D:4)
  3 orc priests
  A worker ant (D:3)
  5 adders
  A worm (D:2)
  3 dart slugs
  A leopard gecko (D:4)
  2 orcs (D:3)
  2 ball pythons
  5 giant cockroaches
  5 goblins
  8 hobgoblins
  2 jackals (D:2)
  9 kobolds
  A quokka (D:3)
  3 bats
  4 frilled lizards
  7 rats
64 creatures vanquished.

Notes
Turn   | Place    | Note
-------+----------+-------------------------------------------
     0 | D:1      | Firecrotchwizard the Troll Berserker began the quest for the Orb.
     0 | D:1      | Reached XP level 1. HP: 22/22 MP: 0/0
   107 | D:1      | Reached XP level 2. HP: 28/29 MP: 1/1
   937 | D:2      | Reached XP level 3. HP: 34/36 MP: 2/2
  1105 | D:2      | Reached ** piety under Trog
  1734 | D:2      | Reached XP level 4. HP: 44/45 MP: 3/3
  2023 | D:2      | Found a shadowy altar of Dithmenos.
  2485 | D:3      | Found an iron altar of Okawaru.
  2488 | D:3      | Found a faded altar of an unknown god.
  2491 | D:3      | Reached XP level 5. HP: 53/53 MP: 4/4
  2705 | D:4      | Found a staircase to the Ecumenical Temple.
  2750 | D:4      | Noticed an ogre
  2760 | D:4      | Killed an ogre
  2920 | D:4      | Noticed a phantom
  3011 | D:4      | Killed a phantom
  3011 | D:4      | Reached XP level 6. HP: 14/62 MP: 5/5
  3181 | D:4      | Identified the Grimoire of the Mountains
  3336 | D:4      | HP: 1/62 [orc wizard/dagger (4)]
  3337 | D:4      | Slain by an orc

Skill      XL: |  1  2  3  4  5 |
---------------+----------------+-----
Maces & Flails | 3 4 |  4.9
Fighting       | 3 4 |  4.1
Dodging        | 3 |  3.4

Action                   |  1- 3 |  4- 6 || total
-------------------------+-------+-------++-------
Melee: Mace              |   115 |    84 ||   199
       Giant spiked club |       |    36 ||    36
Throw: Tomahawk          |       |     4 ||     4
Invok: Burn Spellbooks   |     1 |     1 ||     2
       Berserk           |       |     4 ||     4
 Stab: Sleeping          |     1 |       ||     1
  Eat: Chunk             |    15 |     8 ||    23
       Fruit             |       |     3 ||     3
       Meat ration       |       |     1 ||     1
Armor: Animal skin       |    48 |    45 ||    93
Dodge: Dodged            |    68 |    97 ||   165
